AoeStats
← haristo

Black Forest

509430782Analyzed
4v4 RM · 5d ago on Sep 26, 2026· 52m 26s· 8 players
Game mode
Random Map
Map size
Large (8 player)
Population
200
Speed
Normal
Resources
Standard
Victory
Conquest
Starting age
Dark Age
Ending age
Imperial Age
RankedLock teamsTeams togetherTeam positionsShared explorationLock speedFull tech treeHidden civsTurbo modeCheats
Victory
Defeat
🇫🇷 Georgians · France
971
+13
🇫🇷 Huns · France
919
+15
🇷🇴 Magyars · Romania
912
+15
🇩🇪 Franks · Germany
879
+17
🇮🇳 Poles · India
956
-17
🇨🇳 Spanish · China
940
-17
🇹🇷 Persians · Türkiye
919
-16
🇹🇷 Italians · Türkiye
777
-10
Lyes37
9:16 Feudal Age
7:32 Loom
16:50 Castle Age
14:45 Horse Collar
15:35 Double-Bit Axe
17:33 Heavy Plow
17:52 Bow Saw
28:15 Imperial Age
25:30 Fishing Lines
26:58 Caravan
27:06 Gillnets
28:51 Gold Mining
28:55 Stone Mining
30:12 Gold Shaft Mining
30:51 Two-Man Saw
30:30 Bloodlines
30:20 Husbandry
30:48 Loom
31:40 Wheelbarrow
30:55 Loom
32:03 Scale Barding Armor
32:09 Forging
32:57 Hand Cart
32:28 Loom
33:29 Chain Barding Armor
33:17 Cavalier
34:41 Iron Casting
35:37 Plate Barding Armor
37:04 Blast Furnace
37:38 Ballistics
38:18 Chemistry
37:25 Scale Mail Armor
37:20 Paladin
39:47 Conscription
39:59 Chain Mail Armor
39:39 Fletching
39:50 Padded Archer Armor
40:45 Pikeman
41:26 Squires
41:11 Arson
42:15 Leather Archer Armor
41:55 Bodkin Arrow
44:06 Halberdier
44:47 Squires
aktaa_darwish
0:29 Loom
11:23 Feudal Age
14:20 Double-Bit Axe
20:19 Castle Age
18:32 Horse Collar
24:01 Stone Mining
24:13 Fishing Lines
27:47 Gold Mining
27:59 Heavy Plow
28:14 Bow Saw
29:30 Wheelbarrow
28:41 Town Watch
32:57 Imperial Age
31:13 Corvinian Army
31:41 Bloodlines
31:32 Husbandry
32:11 Town Patrol
32:28 Hand Cart
32:07 Gillnets
32:40 Light Cavalry
34:07 Gold Shaft Mining
35:38 Crop Rotation
36:58 Two-Man Saw
35:29 Elite Magyar Huszar
36:43 Conscription
37:02 Scale Barding Armor
36:58 Scale Mail Armor
37:00 Onager
49:37 Chain Barding Armor
49:34 Chain Mail Armor
alabataille
1:02 Loom
12:14 Feudal Age
13:19 Double-Bit Axe
17:03 Castle Age
18:45 Bow Saw
20:15 Wheelbarrow
25:50 Hand Cart
25:54 Fletching
26:39 Bodkin Arrow
27:02 Horse Collar
29:02 Heavy Plow
29:25 Bloodlines
29:16 Husbandry
32:48 Imperial Age
30:37 Caravan
31:55 Scale Barding Armor
32:01 Forging
31:14 Light Cavalry
32:59 Chain Barding Armor
32:49 Svan Towers
34:58 Crop Rotation
36:00 Chemistry
35:13 Masonry
35:10 Bracer
36:01 Conscription
36:32 Plate Barding Armor
36:46 Siege Engineers
36:30 Arrowslits
36:44 Guard Tower
37:23 Hussar
38:41 Iron Casting
39:49 Keep
39:35 Ballistics
39:46 Architecture
40:25 Blast Furnace
40:33 Elite Monaspa
NikNak1876795
0:29 Loom
11:00 Feudal Age
12:59 Double-Bit Axe
17:22 Castle Age
19:43 Bow Saw
23:45 Gold Mining
25:23 Wheelbarrow
25:08 Town Watch
26:14 Stone Mining
27:17 Gold Shaft Mining
27:27 Hand Cart
28:53 Pikeman
29:34 Squires
29:19 Gambesons
29:20 Arson
30:10 Fortified Wall
29:41 Treadmill Crane
30:47 Scale Mail Armor
35:15 Imperial Age
33:47 Town Patrol
35:01 Forging
35:07 Chain Mail Armor
35:21 Heavy Scorpion
37:09 Chemistry
35:41 Halberdier
37:04 Iron Casting
38:39 Siege Engineers
38:45 Masonry
39:00 Ballistics
39:01 Masonry
38:49 Murder Holes
39:18 Conscription
42:17 Blast Furnace
41:48 Plate Mail Armor
43:52 Caravan
47:44 Scale Barding Armor
Capt. Abisto
0:39 Loom
11:54 Feudal Age
15:14 Fishing Lines
17:47 Castle Age
15:44 Horse Collar
20:16 Wheelbarrow
20:02 Heavy Plow
20:57 Double-Bit Axe
21:51 Hand Cart
31:02 Imperial Age
29:09 Gold Mining
29:14 Stone Mining
29:38 Masonry
29:11 Treadmill Crane
29:28 Murder Holes
29:54 Ballistics
30:21 Caravan
31:10 Forging
31:06 Scale Barding Armor
31:49 Stone Shaft Mining
32:24 Crop Rotation
34:24 Chemistry
34:16 Iron Casting
34:03 Chain Barding Armor
34:33 Conscription
34:36 Lechitic Legacy
34:23 Szlachta Privileges
34:22 Husbandry
34:35 Bloodlines
35:26 Light Cavalry
35:27 Cavalier
37:20 Winged Hussar
38:58 Bow Saw
39:49 Bombard Tower
39:35 Siege Engineers
39:17 Arrowslits
49:09 Blast Furnace
464905725
14:02 Feudal Age
15:54 Loom
18:10 Castle Age
16:16 Stone Mining
19:31 Double-Bit Axe
21:54 Bow Saw
26:33 Caravan
30:38 Ballistics
30:18 Loom
30:32 Horse Collar
32:06 Stone Shaft Mining
31:22 Gold Mining
35:19 Imperial Age
34:35 Heavy Plow
37:29 Wheelbarrow
38:03 Two-Man Saw
37:59 Padded Archer Armor
38:04 Scale Barding Armor
38:10 Forging
40:03 Husbandry
41:19 Bloodlines
40:32 Cavalier
41:34 Leather Archer Armor
41:40 Chain Barding Armor
41:56 Iron Casting
40:49 Elite Conquistador
42:50 Ring Archer Armor
42:46 Paladin
Furkan
10:39 Feudal Age
11:51 Double-Bit Axe
17:02 Castle Age
19:01 Bow Saw
24:32 Gold Mining
25:20 Horse Collar
26:19 Heavy Plow
26:58 Gold Shaft Mining
26:14 Stone Mining
27:07 Wheelbarrow
28:33 Stone Shaft Mining
28:23 Hand Cart
27:54 Town Watch
27:55 Loom
32:23 Imperial Age
29:54 Town Patrol
32:14 Scale Barding Armor
32:20 Forging
32:58 Elite War Elephant
34:01 Chain Barding Armor
35:50 Plate Barding Armor
35:50 Iron Casting
35:55 Crop Rotation
38:01 Two-Man Saw
38:30 Ballistics
39:10 Chemistry
39:37 Caravan
40:08 Coinage
39:48 Guilds
42:25 Blast Furnace
41:26 Scale Mail Armor
48:07 Chain Mail Armor
47:53 Padded Archer Armor
47:43 Fletching
haristo
9:36 Loom
13:24 Feudal Age
16:25 Fishing Lines
20:27 Castle Age
23:44 Wheelbarrow
24:06 Gillnets
24:15 Horse Collar
25:09 Gold Mining
25:18 Double-Bit Axe
26:50 Bow Saw
26:44 Heavy Plow
30:47 Hand Cart
31:12 Town Watch
36:45 Imperial Age
34:19 Town Patrol
34:49 Caravan
37:24 Silk Road
37:35 Silk Road
37:50 Conscription
38:06 Hoardings
37:22 Pikeman
38:03 Squires
37:23 Man-at-Arms
37:53 Arson
38:36 Fortified Wall
38:06 Treadmill Crane
38:22 Murder Holes
38:37 Masonry
38:41 Fortified Wall
38:18 Arrowslits
38:54 Ballistics
41:15 Scale Mail Armor
41:25 Forging
41:17 Padded Archer Armor
41:07 Fletching
Connection lost

Rejoining the realm…

Still unreachable

The connection could not be restored.

Session expired

The server has moved on; the page needs a fresh start.